[ AOE2 MATCH · #507129391 ]
UnrankedItalians vs Aztecs
Player's team · LOSS
Rival team · WIN
[ REPLAY ANALYSIS · EXTRACTED FROM THE RECORDED GAME ]
Feudal
12:00
Castle
—
Imperial
—
| APM avg | 76.7 |
| APM peak | 112 |
| eAPM avg | 44.2 |
| Villagers / military | 39 / 14 |
Focus
⚔️ 41.6% · 🌾 58.4%
Skirmisher ×7 · Archer ×4 · Militia ×3
Feudal
8:51
Castle
—
Imperial
—
| APM avg | 100.0 |
| APM peak | 120 |
| eAPM avg | 33.4 |
| Villagers / military | 39 / 22 |
Focus
⚔️ 38.0% · 🌾 62.0%
Archer ×14 · Eagle Scout ×7 · Spearman ×1
Match map
Initial resources + every placement click. Lines = walls · curves = elevation contours. ◆ gold · ⬟ stone · ● berries · ✦ relic · ◌ wall gap
Your base· Open — unwalled flank
Speed's base· Open — 5t gap
Smoothed initial terrain · ◌ = detected wall gap · hover for details
Inputs per minute
— Dobbs351 - - Speed
Build order — Dobbs351
110 actions detected in the replay
| 0:00 | Queue | Villager (Male) |
| 0:00 | Queue | Villager (Male) |
| 0:02 | Build | House |
| 0:03 | Build | House |
| 0:06 | Build | House |
| 0:12 | Queue | Villager (Male) |
| 0:12 | Queue | Villager (Male) |
| 1:07 | Queue | Villager (Male) |
| 1:54 | Queue | Villager (Male) |
| 1:59 | Build | Lumber Camp |
| 2:19 | Queue | Villager (Male) |
| 2:28 | Queue | Villager (Male) |
| 2:55 | Queue | Villager (Male) |
| 3:39 | Queue | Villager (Male) |
| 3:48 | Build | House |
| 3:52 | Queue | Villager (Male) |
| 4:31 | Queue | Villager (Male) |
| 4:46 | Build | Barracks |
| 4:54 | Queue | Villager (Male) |
| 5:15 | Queue | Villager (Male) |
| 5:24 | Build | House |
| 5:38 | Queue | Militia |
| 5:42 | Build | Mill |
| 5:49 | Build | Palisade Wall |
| 5:54 | Build | Palisade Wall |
| 5:57 | Build | Palisade Wall |
| 6:01 | Build | Palisade Wall |
| 6:02 | Build | Palisade Wall |
| 6:04 | Queue | Villager (Male) |
| 6:05 | Build | House |
| 6:06 | Research | Loom |
| 6:07 | Research | Loom |
| 6:18 | Build | Palisade Wall |
| 6:21 | Queue | Villager (Male) |
| 6:30 | Queue | Militia |
| 6:49 | Build | Farm |
| 6:51 | Queue | Villager (Male) |
| 6:57 | Queue | Villager (Male) |
| 7:17 | Queue | Militia |
| 7:36 | Build | Farm |
| 7:45 | Queue | Villager (Male) |
| 8:32 | Queue | Villager (Male) |
| 8:49 | Build | Mill |
| 8:54 | Queue | Villager (Male) |
| 9:02 | Build | Mining Camp |
| 9:06 | Build | Farm |
| 9:50 | Research | Feudal Age |
| 9:50 | Research | Feudal Age |
| 9:59 | Build | Lumber Camp |
| 10:43 | Build | Palisade Wall |
| 11:21 | Queue | Villager (Male) |
| 12:00 | Age | Feudal Age |
| 12:01 | Build | Archery Range |
| 12:07 | Build | Blacksmith |
| 12:10 | Build | Farm |
| 12:12 | Research | Double-Bit Axe |
| 12:26 | Build | Farm |
| 12:28 | Queue | Skirmisher |
| 12:31 | Build | House |
| 12:41 | Queue | Skirmisher |
| 12:41 | Queue | Villager (Male) |
| 12:47 | Queue | Skirmisher |
| 12:52 | Queue | Villager (Male) |
| 13:06 | Queue | Villager (Male) |
| 13:09 | Build | House |
| 13:12 | Queue | Villager (Male) |
| 13:26 | Build | Palisade Wall |
| 13:26 | Build | Palisade Wall |
| 13:31 | Build | House |
| 13:37 | Queue | Skirmisher |
| 13:42 | Build | Farm |
| 13:43 | Build | Farm |
| 13:47 | Queue | Villager (Male) |
| 14:07 | Queue | Villager (Male) |
| 14:09 | Build | Farm |
| 14:14 | Build | Farm |
| 14:27 | Build | Farm |
| 14:37 | Queue | Villager (Male) |
| 14:50 | Build | House |
| 14:51 | Build | Palisade Wall |
| 14:53 | Queue | Villager (Male) |
| 15:04 | Queue | Skirmisher |
| 15:07 | Build | Farm |
| 15:12 | Research | Fletching |
| 15:12 | Research | Fletching |
| 15:33 | Build | Farm |
| 15:34 | Queue | Villager (Male) |
| 15:42 | Build | Palisade Wall |
| 15:47 | Build | Farm |
| 15:52 | Queue | Archer |
| 15:53 | Queue | Villager (Male) |
| 15:56 | Build | Archery Range |
| 15:59 | Build | Palisade Wall |
| 16:05 | Build | House |
| 16:06 | Queue | Villager (Male) |
| 16:11 | Queue | Villager (Male) |
| 16:29 | Build | House |
| 16:30 | Queue | Villager (Male) |
| 16:34 | Build | House |
| 16:36 | Build | House |
| 16:38 | Queue | Archer |
| 16:39 | Queue | Skirmisher |
| 16:46 | Build | House |
| 16:48 | Queue | Skirmisher |
| 16:56 | Queue | Villager (Male) |
| 17:09 | Queue | Villager (Male) |
| 17:38 | Queue | Villager (Male) |
| 17:39 | Queue | Archer |
| 17:39 | Queue | Archer |
| 17:39 | Queue | Villager (Male) |
Build order — Speed
117 actions detected in the replay
| 0:00 | Queue | Villager (Male) |
| 0:01 | Queue | Villager (Male) |
| 0:01 | Queue | Villager (Male) |
| 0:02 | Build | House |
| 0:03 | Build | House |
| 0:06 | Queue | Villager (Male) |
| 1:29 | Queue | Villager (Male) |
| 2:05 | Queue | Villager (Male) |
| 2:05 | Queue | Villager (Male) |
| 2:27 | Build | Lumber Camp |
| 2:52 | Queue | Villager (Male) |
| 2:52 | Queue | Villager (Male) |
| 3:17 | Queue | Villager (Male) |
| 3:25 | Build | House |
| 3:39 | Queue | Villager (Male) |
| 3:50 | Queue | Villager (Male) |
| 4:22 | Queue | Villager (Male) |
| 4:29 | Build | Mill |
| 4:53 | Queue | Villager (Male) |
| 5:03 | Queue | Villager (Male) |
| 5:40 | Queue | Villager (Male) |
| 5:41 | Research | Loom |
| 6:34 | Research | Feudal Age |
| 7:34 | Build | House |
| 7:37 | Build | Palisade Wall |
| 8:04 | Build | Palisade Wall |
| 8:08 | Build | Barracks |
| 8:51 | Age | Feudal Age |
| 8:52 | Queue | Villager (Male) |
| 8:59 | Queue | Villager (Male) |
| 9:06 | Build | Archery Range |
| 9:20 | Research | Double-Bit Axe |
| 9:27 | Queue | Villager (Male) |
| 9:51 | Queue | Archer |
| 9:59 | Build | Palisade Wall |
| 10:00 | Build | Palisade Wall |
| 10:00 | Build | Palisade Wall |
| 10:01 | Build | Palisade Wall |
| 10:03 | Queue | Villager (Male) |
| 10:06 | Build | Mining Camp |
| 10:11 | Build | House |
| 10:15 | Build | Palisade Wall |
| 10:16 | Build | Palisade Wall |
| 10:17 | Build | Palisade Wall |
| 10:18 | Build | Palisade Wall |
| 10:18 | Build | Palisade Wall |
| 10:25 | Queue | Archer |
| 10:31 | Queue | Villager (Male) |
| 10:32 | Queue | Spearman |
| 10:40 | Build | House |
| 10:41 | Build | Palisade Wall |
| 10:41 | Build | Palisade Wall |
| 10:42 | Build | Palisade Wall |
| 10:52 | Queue | Villager (Male) |
| 11:07 | Build | Mill |
| 11:11 | Queue | Archer |
| 11:22 | Queue | Villager (Male) |
| 11:23 | Build | Farm |
| 11:26 | Build | House |
| 11:28 | Build | House |
| 11:40 | Build | Palisade Wall |
| 11:46 | Queue | Archer |
| 11:52 | Queue | Villager (Male) |
| 11:55 | Build | Palisade Wall |
| 11:57 | Build | Palisade Wall |
| 12:03 | Build | Farm |
| 12:04 | Build | Farm |
| 12:08 | Build | House |
| 12:29 | Queue | Archer |
| 12:45 | Build | Farm |
| 12:49 | Queue | Archer |
| 12:57 | Queue | Villager (Male) |
| 12:59 | Queue | Archer |
| 13:04 | Build | Blacksmith |
| 13:22 | Queue | Villager (Male) |
| 13:25 | Queue | Archer |
| 13:35 | Queue | Archer |
| 13:37 | Build | Farm |
| 13:38 | Build | Farm |
| 13:44 | Queue | Villager (Male) |
| 13:57 | Build | Farm |
| 13:58 | Build | Farm |
| 13:59 | Queue | Eagle Scout |
| 14:10 | Build | Farm |
| 14:21 | Queue | Villager (Male) |
| 14:25 | Build | Farm |
| 14:30 | Queue | Eagle Scout |
| 14:31 | Queue | Archer |
| 14:36 | Queue | Villager (Male) |
| 14:37 | Build | Farm |
| 15:02 | Queue | Villager (Male) |
| 15:08 | Queue | Eagle Scout |
| 15:21 | Build | Blacksmith |
| 15:28 | Queue | Eagle Scout |
| 15:29 | Queue | Archer |
| 15:30 | Queue | Archer |
| 15:34 | Queue | Villager (Male) |
| 15:36 | Build | Farm |
| 15:47 | Queue | Villager (Male) |
| 16:06 | Queue | Archer |
| 16:15 | Research | Scale Mail Armor |
| 16:15 | Research | Scale Mail Armor |
| 16:21 | Research | Fletching |
| 16:22 | Queue | Villager (Male) |
| 16:28 | Build | Farm |
| 16:31 | Build | Farm |
| 16:33 | Queue | Villager (Male) |
| 16:35 | Build | House |
| 16:41 | Queue | Eagle Scout |
| 16:52 | Queue | Villager (Male) |
| 17:13 | Queue | Archer |
| 17:17 | Queue | Eagle Scout |
| 17:22 | Queue | Villager (Male) |
| 17:36 | Queue | Villager (Male) |
| 17:43 | Queue | Villager (Male) |
| 17:45 | Queue | Villager (Male) |
| 17:48 | Queue | Eagle Scout |
Match timeline
| 4:46 | Dobbs351 · first_building Barracks |
| 5:49 | Dobbs351 · wall_segment Palisade Wall x1 |
| 5:54 | Dobbs351 · wall_segment Palisade Wall x1 |
| 5:57 | Dobbs351 · wall_segment Palisade Wall x1 |
| 6:01 | Dobbs351 · wall_segment Palisade Wall x1 |
| 6:02 | Dobbs351 · wall_segment Palisade Wall x1 |
| 6:18 | Dobbs351 · wall_segment Palisade Wall x1 |
| 7:37 | Speed · wall_segment Palisade Wall x4 |
| 8:04 | Speed · wall_segment Palisade Wall x5 |
| 8:08 | Speed · first_building Barracks |
| 8:51 | Speed · age_up feudal |
| 9:06 | Speed · first_building Archery Range |
| 9:59 | Speed · wall_segment Palisade Wall x1 |
| 10:00 | Speed · wall_segment Palisade Wall x1 |
| 10:00 | Speed · wall_segment Palisade Wall x1 |
| 10:01 | Speed · wall_segment Palisade Wall x1 |
| 10:15 | Speed · wall_segment Palisade Wall x1 |
| 10:16 | Speed · wall_segment Palisade Wall x1 |
| 10:17 | Speed · wall_segment Palisade Wall x1 |
| 10:18 | Speed · wall_segment Palisade Wall x1 |
| 10:18 | Speed · wall_segment Palisade Wall x2 |
| 10:41 | Speed · wall_segment Palisade Wall x1 |
| 10:41 | Speed · wall_segment Palisade Wall x1 |
| 10:42 | Speed · wall_segment Palisade Wall x2 |
| 10:43 | Dobbs351 · wall_segment Palisade Wall x8 |
| 11:40 | Speed · wall_segment Palisade Wall x1 |
| 11:55 | Speed · wall_segment Palisade Wall x1 |
| 11:57 | Speed · wall_segment Palisade Wall x1 |
| 12:00 | Dobbs351 · age_up feudal |
| 12:01 | Dobbs351 · first_building Archery Range |
| 13:26 | Dobbs351 · wall_segment Palisade Wall x4 |
| 13:26 | Dobbs351 · wall_segment Palisade Wall x11 |
| 14:51 | Dobbs351 · wall_segment Palisade Wall x1 |
| 15:42 | Dobbs351 · wall_segment Palisade Wall x5 |
| 15:59 | Dobbs351 · wall_segment Palisade Wall x1 |
| 17:56 | Dobbs351 · resign |
[ AI ANALYSIS · 1 CREDIT ]
What really happened in this match?
Wolo.gg analyzes every decision: build order, eco, micro, common mistakes by bracket. Personalized analysis on WhatsApp or Discord in 30 seconds.
Civ guide
Italians
Perfil
Jugador #246423